 Dungeon Sprint DCSS version 0.15.0 (webtiles) character file.

203 Iskender the Martial Artist (level 5, -1/27 HPs)
             Began as a Vine Stalker Monk on Aug 29, 2014.
             Was a Believer of Qazlal.
             Slain by a yak (12 damage)
             ... in the Dungeon (Sprint I: "Red Sonja").
             The game lasted 00:01:52 (188 turns).

Iskender the Martial Artist (Vine Stalker Monk)      Turns: 188, Time: 00:01:52

HP  -1/27        AC  2     Str 13      XL: 5   Next: 81%
MP   0/7         EV 13     Int 10      God: Qazlal [**....]
Gold 297         SH  2     Dex 18      Spells:  0 memorised,  4 levels left

rFire  . . .     SeeInvis .       - Unarmed
rCold  . . .     Clarity  .     a - +0 robe
rNeg   . . .     rCorr    .     (no shield)
rPois  .         rRot     +     (no helmet)
rElec  .         Spirit   +     (no cloak)
SustAb .         Warding  .     (no gloves)
rMut   .         NoTele   +     (no boots)
Gourm  .                        (no amulet)
MR     .....                    (no ring)
                                (no ring)

@: not resistant to hostile enchantments, unstealthy
A: fangs 2, regeneration 1, magic shield, antimagic bite, no device heal 3, rot
immunity
a: Upheaval, Renounce Religion


You were in the Dungeon.
You worshipped Qazlal.
Qazlal was pleased with you.
You were not hungry.

You visited 1 branch You collected 297 gold pieces.

Inventory:

Armour
 a - a +0 robe (worn)
Comestibles
 b - 2 bread rations
 d - a royal jelly
Scrolls
 g - a scroll of remove curse {unknown}
 h - a scroll of blinking
Potions
 c - a potion of curing
 e - a potion of haste
 f - 2 potions of magic


   Skills:
 - Level 2.6 Fighting
 - Level 2.4 Dodging
 - Level 2.4 Stealth
 + Level 11.9 Unarmed Combat
 + Level 0.0 Invocations


You had 4 spell levels left.
You didn't know any spells.

Dungeon Overview and Level Annotations

Branches:
Dungeon (1/1)

Altars:
Elyvilon
Kikubaaqudgha
Makhleb
Nemelex Xobeh
Okawaru
Qazlal
Sif Muna
Trog
Vehumet
Xom
Yredelemnul
Zin
The Shining One

Shops:
D *


Innate Abilities, Weirdness & Mutations

You have extremely sharp teeth.
Your natural rate of healing is unusually fast.
When hurt, damage is shared between your health and your magic reserves.
Your bite disrupts and absorbs the magic of your enemies.
Potions and wands cannot restore your health.
You are immune to rotting.


Message History

You have no ailments to cure.
Drink which item? (? for menu, Esc to quit)
Okay, then.
There is an open door here.
There is an open door here.
Found a bloodstained altar of Trog.
There is a stormy altar of Qazlal here.
You kneel at the altar of Qazlal.
Qazlal welcomes you!
Qazlal will now protect you from your own clouds.
You are surrounded by a storm.
You can now call upon nature to destroy your foes.
The yak closely misses you.
You closely miss the yak. You bite the yak, but do no damage.
The yak is almost dead.
The yak misses you.
You hit the yak but do no damage. You punch the yak.
The yak is almost dead.
The yak gores you!
You die...

################
#<.#..').#.)'..#
#..').#..'..#..+
#..#####'#####'#
#..####..#...#.#
#..#_.####..##.#
#..#_..._##'#..+
#⌠⌠#_.∩.§Y'..._#
####_...@##_.#'#
#_____###+#.#
####### ###


You could see a yak.

Vanquished Creatures
  An ogre (D)
  Sigmund (D)
  A jelly (D)
  Ijyb (D)
4 creatures vanquished.

Notes
Turn   | Place    | Note
--------------------------------------------------------------
     0 | D        | Iskender, the Vine Stalker Monk, began the quest for the Orb.
     0 | D        | Reached XP level 1. HP: 11/11 MP: 1/1
     1 | D        | Noticed Ijyb
    12 | D        | Killed Ijyb
    12 | D        | Reached skill level 6 in Unarmed Combat
    12 | D        | Reached XP level 2. HP: 13/16 MP: 3/3
    13 | D        | Noticed an ogre
    15 | D        | Killed an ogre
    15 | D        | Reached skill level 9 in Unarmed Combat
    15 | D        | Reached XP level 3. HP: 15/19 MP: 4/4
    15 | D        | Reached XP level 4. HP: 18/23 MP: 5/5
    47 | D        | Noticed Sigmund
    65 | D        | Killed Sigmund
    65 | D        | Reached skill level 11 in Unarmed Combat
    65 | D        | Reached XP level 5. HP: 12/27 MP: 7/7
   116 | D        | Found a deep blue altar of Sif Muna.
   117 | D        | Noticed a jelly
   118 | D        | Found a radiant altar of Vehumet.
   123 | D        | Killed a jelly
   155 | D        | Found Oqytaeh's Assorted Antiques.
   155 | D        | Found a white marble altar of Elyvilon.
   155 | D        | Found a stormy altar of Qazlal.
   155 | D        | Found a burning altar of Makhleb.
   155 | D        | Found a basalt altar of Yredelemnul.
   155 | D        | Found a glowing golden altar of the Shining One.
   155 | D        | Found a sparkling altar of Nemelex Xobeh.
   155 | D        | Found a shimmering altar of Xom.
   155 | D        | Found an ancient bone altar of Kikubaaqudgha.
   155 | D        | Found a glowing silver altar of Zin.
   155 | D        | Noticed a yak
   156 | D        | Found an iron altar of Okawaru.
   184 | D        | Found a bloodstained altar of Trog.
   186 | D        | Became a worshipper of Qazlal Stormbringer
   186 | D        | Acquired Qazlal's first power
   186 | D        | Acquired Qazlal's second power
   188 | D        | Slain by a yak

Action                   |  1- 3 |  4- 6 || total
-------------------------+-------+-------++-------
Melee: Unarmed           |     8 |    17 ||    25
  Use: Potion            |     1 |       ||     1
 Stab: Sleeping          |       |     3 ||     3
